AoeStats
← VIT Liereyy

Arabia

508428056Analyzed
1v1 RM · 11d ago on Sep 22, 2026· 32m 10s· 2 players
Game mode
Random Map
Map size
Tiny (2 player)
Population
200
Speed
Normal
Resources
Standard
Victory
Conquest
Starting age
Dark Age
Ending age
Imperial Age
RankedLock teamsTeams togetherTeam positionsShared explorationLock speedFull tech treeHidden civsTurbo modeCheats
Victory
Defeat
🇦🇹 Saracens · Austria
2901
+15
🇨🇳 Japanese · China
2875
-15
_LY_Yo
5:57 Loom
8:26 Feudal Age
8:30 Man-at-Arms
9:50 Arson
10:07 Double-Bit Axe
14:24 Padded Archer Armor
14:15 Fletching
15:31 Padded Archer Armor
20:57 Castle Age
19:10 Horse Collar
21:10 Elite Skirmisher
21:46 Bodkin Arrow
23:11 Leather Archer Armor
23:10 Bow Saw
23:17 Town Watch
29:45 Ballistics
31:30 Guard Tower
VIT Liereyy
8:30 Feudal Age
7:08 Loom
9:20 Double-Bit Axe
12:31 Fletching
18:35 Castle Age
18:38 Crossbowman
19:14 Bodkin Arrow
20:33 Bow Saw
Connection lost

Rejoining the realm…

Still unreachable

The connection could not be restored.

Session expired

The server has moved on; the page needs a fresh start.